PCL
SAN JOSE MISSIONS @ CALGARY COWBOYS
07/24/2023
 
TOP OF THE 1ST
San Jose Missions batting - Pitching for Calgary Cowboys : RHP Lucas Taylor
Pitching: RHP Lucas Taylor
Batting: RHB Goro Tanabe 0-0: Ball
1-0: Called Strike
1-1: Foul Ball, location: 2F
1-2: Ball
2-2: Fly out, F8 (Line Drive, 8RM)
Batting: LHB Mel Jones 0-0: Ball
1-0: SINGLE (Groundball, 4MD)
Batting: RHB Ed Starr 0-0: Ball
1-0: SINGLE (Groundball, 6MD)
Mel Jones to second
Batting: LHB Miguel Montés 0-0: Ball
1-0: Called Strike
1-1: Fly out, F5 (Popup, 5)
Batting: LHB Raúl García 0-0: Swinging Strike
0-1: Fly out, F7 (Flyball, 7M)
Top of the 1st over - 0 run(s), 2 hit(s), 0 error(s), 2 left on base; San Jose 0 - Calgary 0
BOTTOM OF THE 1ST
Calgary Cowboys batting - Pitching for San Jose Missions : LHP Floyd Dye
Pitching: LHP Floyd Dye
Batting: RHB Clark Hodge 0-0: Ball
1-0: Ball
2-0: Called Strike
2-1: Ground out 3-1 (Groundball, 3L)
Batting: LHB Donald Schultz 0-0: Ball
1-0: Ball
2-0: Called Strike
2-1: Fly out, F5 (Popup, 5F)
Batting: RHB Dan Wyatt 0-0: Called Strike
0-1: Ball
1-1: Ground out 1-3 (Groundball, 13)
Bottom of the 1st over - 0 run(s), 0 hit(s), 0 error(s), 0 left on base; San Jose 0 - Calgary 0
TOP OF THE 2ND
San Jose Missions batting - Pitching for Calgary Cowboys : RHP Lucas Taylor
Batting: RHB Chang-geun Kim 0-0: Ground out 6-3 (Groundball, 6)
Batting: RHB Mike Gordon 0-0: Foul Ball, location: 2F
0-1: Ball
1-1: Ball
2-1: Foul Ball, location: 2F
2-2: Ball
3-2: Ground out 6-3 (Groundball, 6M)
Batting: LHB John Brady 0-0: Ball
1-0: Foul Ball, location: 2F
1-1: Ball
2-1: Foul Ball, location: 2F
2-2: Ball
3-2: Base on Balls
Batting: RHB Stéphane Lambert 0-0: Called Strike
John Brady is caught stealing 2nd base
Top of the 2nd over - 0 run(s), 0 hit(s), 0 error(s), 0 left on base; San Jose 0 - Calgary 0
BOTTOM OF THE 2ND
Calgary Cowboys batting - Pitching for San Jose Missions : LHP Floyd Dye
Batting: RHB Cristián Peña 0-0: Fly out, F9 (Flyball, 89D)
Batting: LHB Al Ryan 0-0: Foul Ball, location: 2F
0-1: Ball
1-1: Ball
2-1: SOLO HOME RUN (Flyball, 9D), Distance : 371 ft
Batting: RHB Mario Sánchez 0-0: Called Strike
0-1: Fly out, F7 (Flyball, 78M)
Batting: RHB Ramón Martínez 0-0: Ground out 6-3 (Groundball, 6)
Bottom of the 2nd over - 1 run(s), 1 hit(s), 0 error(s), 0 left on base; San Jose 0 - Calgary 1
TOP OF THE 3RD
San Jose Missions batting - Pitching for Calgary Cowboys : RHP Lucas Taylor
Batting: RHB Stéphane Lambert 0-0: Ball
1-0: Ground out 1-3 (Groundball, 23)
Batting: RHB Goro Tanabe 0-0: Ball
1-0: Swinging Strike
1-1: Fly out, F9 (Flyball, 89M)
Batting: LHB Mel Jones 0-0: Ball
1-0: Hit by Pitch
Batting: RHB Ed Starr 0-0: Called Strike
0-1: Ball
1-1: Ball
2-1: Fly out, F7 (Flyball, 7S)
Top of the 3rd over - 0 run(s), 0 hit(s), 0 error(s), 1 left on base; San Jose 0 - Calgary 1
BOTTOM OF THE 3RD
Calgary Cowboys batting - Pitching for San Jose Missions : LHP Floyd Dye
Batting: RHB Jorge Balencia 0-0: Foul Ball, location: 2F
0-1: Ball
1-1: DOUBLE (Groundball, 5L)
Batting: LHB Freddy Herrera 0-0: Swinging Strike
0-1: Ball
1-1: Swinging Strike
1-2: Ball
2-2: Strikes out swinging
Batting: RHB Clark Hodge 0-0: Called Strike
0-1: Ball
1-1: Foul Ball, location: 2F
1-2: 2-RUN HOME RUN (Flyball, 7LD), Distance : 388 ft
Batting: LHB Donald Schultz 0-0: Called Strike
0-1: Reached on error, E5 (Groundball, 56)
Batting: RHB Dan Wyatt 0-0: Ball
1-0: Called Strike
1-1: Called Strike
1-2: Ball
2-2: Grounds into double play, U6-3 (Groundball, 6)
Bottom of the 3rd over - 2 run(s), 2 hit(s), 1 error(s), 0 left on base; San Jose 0 - Calgary 3
TOP OF THE 4TH
San Jose Missions batting - Pitching for Calgary Cowboys : RHP Lucas Taylor
Batting: LHB Miguel Montés 0-0: Called Strike
0-1: Swinging Strike
0-2: Foul Ball, location: 2F
0-2: Ball
1-2: Strikes out swinging
Batting: LHB Raúl García 0-0: Ball
1-0: Foul Ball, location: 2F
1-1: Ball
2-1: Ball
3-1: Fly out, F7 (Flyball, 7LM)
Batting: RHB Chang-geun Kim 0-0: Called Strike
0-1: Called Strike
0-2: Strikes out swinging
Top of the 4th over - 0 run(s), 0 hit(s), 0 error(s), 0 left on base; San Jose 0 - Calgary 3
BOTTOM OF THE 4TH
Calgary Cowboys batting - Pitching for San Jose Missions : LHP Floyd Dye
Batting: RHB Cristián Peña 0-0: Foul Ball, location: 2F
0-1: Called Strike
0-2: Fly out, F6 (Popup, 6D)
Batting: LHB Al Ryan 0-0: Ball
1-0: Swinging Strike
1-1: Swinging Strike
1-2: Foul Ball, location: 2F
1-2: Strikes out looking
Batting: RHB Mario Sánchez 0-0: Called Strike
0-1: Swinging Strike
0-2: Reached on error, E5 (Groundball, 5)
Batting: RHB Ramón Martínez Pickoff Throw to First - Out!
Bottom of the 4th over - 0 run(s), 0 hit(s), 1 error(s), 0 left on base; San Jose 0 - Calgary 3
TOP OF THE 5TH
San Jose Missions batting - Pitching for Calgary Cowboys : RHP Lucas Taylor
Batting: RHB Mike Gordon 0-0: Ball
1-0: Ball
2-0: Called Strike
2-1: SINGLE (Groundball, 34D)
Batting: LHB John Brady 0-0: Called Strike
0-1: Ground out 4-3 (Groundball, 4M)
Mike Gordon to second
Batting: RHB Stéphane Lambert 0-0: Foul Ball, location: 2F
0-1: Ground out 4-3 (Groundball, 13)
Mike Gordon to third
Batting: RHB Goro Tanabe 0-0: Foul Ball, location: 2F
0-1: Ball
1-1: Called Strike
1-2: Strikes out looking
Top of the 5th over - 0 run(s), 1 hit(s), 0 error(s), 1 left on base; San Jose 0 - Calgary 3
BOTTOM OF THE 5TH
Calgary Cowboys batting - Pitching for San Jose Missions : LHP Floyd Dye
Batting: RHB Ramón Martínez 0-0: Ball
1-0: Called Strike
1-1: Called Strike
1-2: Strikes out swinging
Batting: RHB Jorge Balencia 0-0: Ball
1-0: SINGLE (Line Drive, 78S)
Batting: LHB Freddy Herrera 0-0: Ball
1-0: Ball
2-0: Called Strike
2-1: Ball
3-1: Foul Ball, location: 2F
3-2: Strikes out swinging
Batting: RHB Clark Hodge 0-0: Swinging Strike
0-1: Called Strike
0-2: Ball
1-2: Foul Ball, location: 2F
1-2: SINGLE (Groundball, 6M)
Jorge Balencia to second
Batting: LHB Donald Schultz 0-0: Ball
1-0: Called Strike
1-1: Called Strike
1-2: Foul Ball, location: 2F
1-2: Strikes out swinging
Bottom of the 5th over - 0 run(s), 2 hit(s), 0 error(s), 2 left on base; San Jose 0 - Calgary 3
TOP OF THE 6TH
San Jose Missions batting - Pitching for Calgary Cowboys : RHP Lucas Taylor
Batting: LHB Mel Jones 0-0: Ball
1-0: Swinging Strike
1-1: Ball
2-1: Fly out, F5 (Popup, 5S)
Batting: RHB Ed Starr 0-0: Foul Ball, location: 2F
0-1: Ball
1-1: Ball
2-1: Foul Ball, location: 2F
2-2: Foul Ball, location: 2F
2-2: Ball
3-2: SINGLE (Groundball, 56D)
Batting: LHB Miguel Montés 0-0: Ball
1-0: Called Strike
1-1: Ball
2-1: Ball
3-1: Base on Balls
Ed Starr to second
Batting: LHB Raúl García 0-0: Ball
1-0: Called Strike
1-1: Ball
2-1: Grounds into double play, U4-3 (Groundball, 4)
Top of the 6th over - 0 run(s), 1 hit(s), 0 error(s), 1 left on base; San Jose 0 - Calgary 3
BOTTOM OF THE 6TH
Calgary Cowboys batting - Pitching for San Jose Missions : LHP Floyd Dye
Batting: RHB Dan Wyatt 0-0: Swinging Strike
0-1: Ball
1-1: Ball
2-1: Called Strike
2-2: Ground out 5-3 (Groundball, 56)
Batting: RHB Cristián Peña 0-0: Foul Ball, location: 2F
0-1: Swinging Strike
0-2: Ball
1-2: DOUBLE (Line Drive, 89D)
Batting: LHB Al Ryan 0-0: Fly out, F8 (Flyball, 8RD)
Runner from 2nd tags up, SAFE at 3rd, no throw
Batting: RHB Mario Sánchez 0-0: Ball
1-0: Foul Ball, location: 2F
1-1: Ball
2-1: Fly out, F4 (Popup, 4MD)
Bottom of the 6th over - 0 run(s), 1 hit(s), 0 error(s), 1 left on base; San Jose 0 - Calgary 3
TOP OF THE 7TH
San Jose Missions batting - Pitching for Calgary Cowboys : RHP Lucas Taylor
Batting: RHB Chang-geun Kim 0-0: Foul Ball, location: 2F
0-1: SOLO HOME RUN (Flyball, 7LD), Distance : 392 ft
Batting: RHB Mike Gordon 0-0: Ball
1-0: Ball
2-0: Foul Ball, location: 2F
2-1: Swinging Strike
2-2: DOUBLE (Flyball, 7D)
Batting: LHB John Brady 0-0: Ball
1-0: Called Strike
1-1: Swinging Strike
1-2: Ball
2-2: Ball
3-2: Strikes out looking
Batting: RHB Stéphane Lambert 0-0: Ground out 4-3 (Groundball, 34)
Mike Gordon to third
Batting: RHB Goro Tanabe 0-0: Foul Ball, location: 2F
0-1: Ball
1-1: Ball
2-1: Foul Ball, location: 2F
2-2: Ball
3-2: Ground out 6-3 (Groundball, 6M)
Top of the 7th over - 1 run(s), 2 hit(s), 0 error(s), 1 left on base; San Jose 1 - Calgary 3
BOTTOM OF THE 7TH
Calgary Cowboys batting - Pitching for San Jose Missions : LHP Floyd Dye
Batting: RHB Ramón Martínez 0-0: Ball
1-0: SINGLE (Groundball, 4MS)
Batting: RHB Jorge Balencia 0-0: Fly out, F8 (Flyball, 8LM)
Batting: LHB Freddy Herrera 0-0: Called Strike
0-1: Called Strike
0-2: Ball
1-2: Strikes out swinging
Batting: RHB Clark Hodge 0-0: Foul Ball, location: 2F
0-1: Called Strike
0-2: Foul Ball, location: 2F
0-2: Foul Ball, location: 2F
0-2: Ball
1-2: SINGLE (Flyball, 78S)
Ramón Martínez to second
Pinch Hitting: RHB Shayne Burry 0-0: Called Strike
0-1: Called Strike
0-2: Hit by Pitch
Ramón Martínez to third
Clark Hodge to second
Batting: RHB Dan Wyatt 0-0: Ball
1-0: Called Strike
1-1: Ball
2-1: Ball
3-1: Swinging Strike
3-2: Base on Balls
Ramón Martínez scores
Clark Hodge to third
Shayne Burry to second
Pitching: RHP Gabriel Moore
Batting: RHB Cristián Peña 0-0: Called Strike
0-1: Swinging Strike
0-2: Ball
1-2: Fly out, F6 (Popup, 6D)
Bottom of the 7th over - 1 run(s), 2 hit(s), 0 error(s), 3 left on base; San Jose 1 - Calgary 4
TOP OF THE 8TH
San Jose Missions batting - Pitching for Calgary Cowboys : RHP Lucas Taylor
Pitching: RHP Eric Bell
Now in RF: Júlio Soto
Batting: LHB Mel Jones 0-0: Called Strike
0-1: Ball
1-1: Ball
2-1: Fly out, F7 (Flyball, 78D)
Batting: RHB Ed Starr 0-0: Ball
1-0: Foul Ball, location: 2F
1-1: Swinging Strike
1-2: Ball
2-2: Ball
3-2: Foul Ball, location: 2F
3-2: DOUBLE (Line Drive, 8LM)
Pitching: RHP Luis Antonio Martínez
Batting: LHB Miguel Montés 0-0: Called Strike
0-1: Ground out 4-3 (Groundball, 4)
Ed Starr to third
Batting: LHB Raúl García 0-0: Ball
1-0: SINGLE (Groundball, 34D)
Ed Starr scores
Batting: RHB Chang-geun Kim 0-0: Called Strike
0-1: Ball
1-1: Foul Ball, location: 2F
1-2: Strikes out swinging
Top of the 8th over - 1 run(s), 2 hit(s), 0 error(s), 1 left on base; San Jose 2 - Calgary 4
BOTTOM OF THE 8TH
Calgary Cowboys batting - Pitching for San Jose Missions : RHP Gabriel Moore
Pitching: RHP Anthony Jones
Batting: LHB Al Ryan 0-0: Ball
1-0: Ball
2-0: Ball
3-0: Base on Balls
Pitching: RHP Oliver Meléndez
Batting: RHB Mario Sánchez 0-0: Sac Bunt - play at first, batter OUT! 1-3
Al Ryan to second
Batting: RHB Ramón Martínez 0-0: Ground out 6-3 (Groundball, 6)
Batting: RHB Jorge Balencia 0-0: Ball
1-0: Called Strike
1-1: Ball
2-1: Swinging Strike
2-2: SINGLE (Groundball, 15S) (infield hit)
Al Ryan to third
Batting: LHB Freddy Herrera 0-0: Ball
1-0: Fly out, F7 (Flyball, 7D)
Bottom of the 8th over - 0 run(s), 1 hit(s), 0 error(s), 2 left on base; San Jose 2 - Calgary 4
TOP OF THE 9TH
San Jose Missions batting - Pitching for Calgary Cowboys : RHP Luis Antonio Martínez
Pitching: LHP Alfredo Durán
Batting: RHB Mike Gordon 0-0: Ball
1-0: Ball
2-0: Called Strike
2-1: Foul Ball, location: 2F
2-2: Ground out 5-3 (Groundball, 15S)
Batting: LHB John Brady 0-0: Called Strike
0-1: Ball
1-1: Ball
2-1: Ball
3-1: Foul Ball, location: 2F
3-2: Foul Ball, location: 2F
3-2: SINGLE (Groundball, 56D)
Pinch Hitting: RHB Joe Broadhead 0-0: Swinging Strike
0-1: Ball
1-1: Ball
2-1: DOUBLE (Flyball, 78M)
John Brady to third
Batting: RHB Goro Tanabe 0-0: SINGLE (Popup, 3D)
John Brady scores
Joe Broadhead to third
Batting: LHB Mel Jones 0-0: Ball
1-0: Grounds into double play, 6-4-3 (Groundball, 6)
Top of the 9th over - 1 run(s), 3 hit(s), 0 error(s), 1 left on base; San Jose 3 - Calgary 4
This league is powered by Out of the Park Baseball, the baseball management simulation game for PC, Mac and Linux
Wednesday, December 2nd, 2015 - OOTP Baseball 16.8 Build 38